Map: Catalyseur EC

Players

ZipperTheFly

  • Race: Terran Terran
  • League: Master
  • Spawn Location: 5:00

Uzikoti - Winner!

  • Race: Terran Terran
  • League: Grandmaster
  • Spawn Location: 11:00

VOD

Have the link to the VOD?

Description

Time

  • Played on: Feb. 14, 2018, 5:13 p.m.
  • Length: 6:45
Show
View Real Time Build Order
Export as new Build Order

ZipperTheFly Terran 

Build Orders: Cyclone Opening, Reaper Expand 

Get SALT Encoding   

  12  0:01  SCV  
  13  0:13  SCV  
  14  0:17  Supply Depot  
  14  0:25  SCV  
  15  0:31  Refinery  
  15  0:39  SCV  
  16  0:46  Barracks  
  16  0:51  SCV  
  17  1:03  SCV  
  18  1:15  SCV  
  19  1:33  Reaper, Orbital Command  
  20  1:47  Command Center  
  20  1:58  Factory  
  20  2:01  SCV  
  22  2:08  Reaper  
  22  2:13  SCV  
  22  2:15  Refinery  
  23  2:19  Supply Depot  
  23  2:41  SCV  
  23  2:44  Cyclone  
  27  2:53  SCV  
  27  2:54  Barracks Reactor  
  28  2:59  Orbital Command  
  28  3:05  SCV  
  29  3:12  Starport  
  29  3:17  SCV  
  29  3:18  Widow Mine  
  32  3:26  SCV  
  33  3:32  Barracks x2  
  32  3:42  SCV  
  32  3:45  Engineering Bay  
  33  3:50  Marine  
  33  3:51  Marine  
  33  3:53  Viking  
  37  3:56  SCV x2  
  37  4:00  Cyclone  
  42  4:06  Supply Depot  
  42  4:11  Bunker  
  42  4:12  SCV  
  42  4:14  SCV  
  44  4:20  Barracks Tech Lab  
  44  4:22  Barracks Tech Lab  
  44  4:24  SCV  
  44  4:26  SCV  
  44  4:29  Supply Depot  
  46  4:32  Factory Tech Lab  
  46  4:37  Starport Reactor  
  45  4:39  Terran Infantry Weapons Level 1  
  45  4:42  SCV  
  45  4:44  SCV  
  47  4:54  SCV  
  47  4:56  Refinery, SCV  
  49  5:02  Supply Depot  
  49  5:06  SCV  
  50  5:07  Refinery  
  50  5:08  Combat Shields, SCV  
  51  5:18  SCV  
  51  5:19  Marine x4  
  56  5:22  SCV  
  56  5:26  Siege Tank  
  60  5:30  Supply Depot  
  60  5:34  SCV  
  60  5:35  SCV  
  62  5:37  Marine x4  
  66  5:46  SCV  
  66  5:47  Medivac, SCV, Supply Depot  
  70  5:51  Medivac  
  70  5:58  SCV  
  70  5:59  Siege Tank, Marine x3  
  72  6:18  Marine  
  69  6:19  Marine  
  69  6:24  Marine  
Show
View Real Time Build Order
Export as new Build Order

Uzikoti Terran - Winner!

Build Orders: Cyclone Opening, Reaper Expand 

Get SALT Encoding   

  12  0:00  SCV  
  13  0:12  SCV  
  14  0:17  Supply Depot  
  14  0:24  SCV  
  14  0:28  Refinery  
  15  0:39  SCV  
  16  0:44  Barracks  
  16  0:51  SCV  
  17  1:03  SCV  
  18  1:15  SCV  
  19  1:31  Orbital Command  
  19  1:32  Reaper  
  20  1:44  Command Center  
  20  1:53  Factory  
  20  1:57  SCV  
  21  2:03  Refinery  
  21  2:06  Reaper  
  22  2:13  Supply Depot  
  22  2:14  SCV  
  23  2:34  SCV  
  24  2:38  Barracks  
  24  2:39  Cyclone  
  24  2:43  Barracks Reactor  
  27  2:46  SCV  
  28  2:56  Orbital Command  
  28  2:58  SCV  
  29  3:11  Cyclone, SCV  
  33  3:20  Engineering Bay  
  33  3:21  Marine  
  33  3:23  SCV  
  33  3:26  Barracks Tech Lab, Marine  
  36  3:30  SCV  
  37  3:40  Marine  
  37  3:44  SCV x2  
  39  3:51  Marine x2  
  39  3:52  Stimpack  
  39  3:53  Terran Infantry Weapons Level 1  
  40  3:56  SCV  
  40  3:59  SCV  
  42  4:02  Marine  
  42  4:05  Supply Depot  
  42  4:08  SCV  
  42  4:09  Marine  
  45  4:12  Starport  
  45  4:14  SCV  
  45  4:16  Factory Reactor  
  46  4:17  Supply Depot  
  46  4:26  SCV x2, Marine x2  
  46  4:28  Marine  
  51  4:33  Refinery  
  51  4:38  SCV x2  
  51  4:42  Supply Depot  
  51  4:44  Marine x2  
  55  4:46  Supply Depot  
  55  4:47  Marine  
  55  4:50  SCV  
  55  4:51  SCV  
  58  4:56  Medivac x2  
  58  4:58  Factory Tech Lab  
  62  5:04  SCV x2, Supply Depot  
  62  5:05  Marine  
  62  5:06  Marine  
  66  5:08  Marine  
  67  5:16  SCV  
  67  5:18  SCV  
  69  5:21  Command Center  
  69  5:23  Siege Tank  
  72  5:31  Marine x3  
  72  5:32  SCV  
  72  5:35  SCV  
  77  5:36  Refinery, Supply Depot  
  77  5:38  Medivac  
  77  5:41  Medivac  
  81  5:45  SCV  
  81  5:47  SCV  
  81  5:49  Marine x2  
  85  6:15  Marine x3  
  91  6:26  Barracks x2  
  91  6:27  Barracks  
Tags
 
Add a new tag
Caveats
  • Supply blocks, unpowered buildings, or Contaminate may cause inaccurate times.
  • Supply counts are checked every 10 seconds.